 Dungeon Crawl Stone Soup version 0.24-a0-422-g9eff3895ba (webtiles) character file.

Game seed: 9871090218339361577

10542 HAL9000 the Slicer (level 11, -19/54 HPs)
             Began as a Vine Stalker Assassin on June 11, 2019.
             Was a Believer of Uskayaw.
             Demolished by a minotaur (28 damage)
             ... in a Gauntlet on June 12, 2019.
             The game lasted 00:35:41 (9486 turns).

HAL9000 the Slicer (Vine Stalker Assassin)          Turns: 9486, Time: 00:35:41

Health: -19/54     AC:  4    Str: 19    XL:     11   Next: 63%
Magic:  0/19       EV: 11    Int: 18    God:    Uskayaw [**....]
Gold:   474        SH:  0    Dex: 16    Spells: 16/16 levels left

rFire    . . .     SeeInvis .   j - +2 dagger (elec)
rCold    . . .     Gourm    .   (no shield)
rNeg     + . .     Faith    .   v - +0 leather armour
rPois    +         Spirit   +   (no helmet)
rElec    .         Reflect  .   c - +0 cloak
rCorr    +         Harm     .   (no gloves)
MR       +....     NoTele   +   (no boots)
Stlth    ++++......             y - amulet of regeneration
HPRegen  0.98/turn              E - ring "Kuyr" {rPois rN+ Str+4 Int+5}
MPRegen  0.16/turn              s - ring of resist corrosion

@: hasted, very quick
A: fangs 3, regeneration 1, magic shield, antimagic bite, no potion heal 3, rot
immunity
a: Stomp, Line Pass, Renounce Religion


You were in a Gauntlet.
You worshipped Uskayaw.
Uskayaw was aware of your devotion.
You were hungry.

You visited 3 branches of the dungeon, and saw 11 of its levels.
You also visited: Gauntlet.

You collected 474 gold pieces.

Inventory:

Hand Weapons
 a - a +2 dagger of distortion
 j - a +2 dagger of electrocution (weapon)
 l - a +2 dagger of venom
 F - the +7 morningstar "Gigienis" {crush, Str+3 Dex+3 Stlth+, unknown}
   (You found it in a Gauntlet)

   It inflicts extra damage upon your enemies.
   It affects your strength (+3).
   It affects your dexterity (+3).
   It makes you more stealthy.
 L - the +4 rapier of Doyrgh {pierce, rC+ Str+2 Dex+2, unknown}
   (You found it in a Gauntlet)

   It inflicts extra damage upon your enemies.
   It affects your strength (+2).
   It affects your dexterity (+2).
   It protects you from cold.
Missiles
 d - 21 poisoned darts (quivered)
 w - 9 boomerangs
Armour
 c - a +0 cloak (worn)
 v - a +0 leather armour (worn)
Jewellery
 g - an uncursed amulet of rage
 n - the cursed ring "Garof" {rElec rF- EV-2 Dex+4, unknown}
   (You found it in a Gauntlet)

   [ring of evasion]

   It affects your evasion (-2).
   It affects your dexterity (+4).
   It makes you vulnerable to fire.
   It insulates you from electricity.
   It has a curse placed upon it.
 s - a ring of resist corrosion (right hand)
 y - an amulet of regeneration (around neck)
 z - an uncursed ring of flight
 E - the ring "Kuyr" (left hand) {rPois rN+ Str+4 Int+5}
   (You found it on level 6 of the Dungeon)

   [ring of positive energy]

   It affects your strength (+4).
   It affects your intelligence (+5).
   It protects you from poison.
   It protects you from negative energy.
 G - an uncursed amulet of guardian spirit {unknown}
Wands
 o - a wand of acid (8)
 A - a wand of polymorph (6)
 B - a wand of iceblast (13)
 C - a wand of digging (5)
Scrolls
 h - 4 scrolls of amnesia
 k - a scroll of fog {unknown}
 m - a scroll of noise {unknown}
 p - a scroll of remove curse
 q - 10 scrolls of teleportation
 u - 3 scrolls of enchant armour
 x - 2 scrolls of enchant weapon {unknown}
 H - a scroll of random uselessness {unknown}
 M - a scroll of fear {unknown}
Potions
 b - a potion of haste
 i - 6 potions of curing
 r - a potion of mutation
 t - a potion of brilliance
 D - a potion of cancellation
 I - a potion of lignification
 J - a potion of invisibility {unknown}
Comestibles
 f - 20 rations


   Skills:
 - Level 4.5 Fighting
 - Level 11.0 Short Blades
 - Level 1.7 Throwing
 - Level 0.7 Dodging
 - Level 10.1 Stealth
 + Level 3.4 Spellcasting
 - Level 10.1 Invocations


You had 16 spell levels left.
You didn't know any spells.
Your spell library contained the following spells:

 Spells                   Type           Power        Failure   Level  Hunger
 Flame Tongue             Conj/Fire      #....        19%         1    None
 Magic Dart               Conj           #...         19%         1    None
 Pain                     Necr           #...         19%         1    None
 Summon Small Mammal      Summ           #...         19%         1    None
 Call Imp                 Summ           #.......     28%         2    ##.....
 Corpse Rot               Necr           N/A          28%         2    ##.....
 Searing Ray              Conj           #.....       28%         2    ##.....
 Throw Flame              Conj/Fire      #.....       28%         2    ##.....
 Call Canine Familiar     Summ           #.......     50%         3    ###....
 Conjure Flame            Conj/Fire      #.......     50%         3    ###....
 Dazzling Spray           Conj/Hex       #.....       50%         3    ###....
 Inner Flame              Hex/Fire       #.......     50%         3    ###....
 Summon Guardian Golem    Hex/Summ       #.......     50%         3    ###....
 Vampiric Draining        Necr           #.........   50%         3    ###....
 Animate Dead             Necr           N/A          88%         4    ####...
 Force Lance              Conj/Tloc      #.......     88%         4    ####...
 Fulminant Prism          Conj/Hex       #.........   88%         4    ####...
 Iskenderun's Mystic Bla  Conj           #.......     88%         4    ####...
 Sticky Flame             Conj/Fire      #.......     88%         4    ####...
 Summon Ice Beast         Ice/Summ       #.......     88%         4    ####...
 Summon Lightning Spire   Summ/Air       #.......     88%         4    ####...
 Agony                    Necr           #.......     99%         5    ######.
 Excruciating Wounds      Chrm/Necr      #.........   99%         5    ######.
 Fireball                 Conj/Fire      #.........   99%         5    ######.


Dungeon Overview and Level Annotations

Branches:
Dungeon (9/15)             Temple (1/1) D:5            Lair (1/6) D:9
    Orc: D:9-12

Altars:
Ashenzari
Cheibriados
Dithmenos
Elyvilon
Fedhas
Gozag
Hepliaklqana
Kikubaaqudgha
Makhleb
Nemelex Xobeh
Okawaru
Qazlal
Ru
Sif Muna
Trog
Uskayaw
Vehumet
Wu Jian
Xom
Yredelemnul
Zin
The Shining One

Shops:
D:4 *   D:5 %   D:6 (

Annotations:
Gauntlet 12 transporters


Innate Abilities, Weirdness & Mutations

You have razor-sharp teeth.
Your natural rate of healing is unusually fast.
When hurt, damage is shared between your health and your magic reserves.
Your bite disrupts and absorbs the magic of your enemies.
Potions cannot restore your health.
You are immune to rotting.


Message History

* * * LOW HITPOINT WARNING * * *
The minotaur gores you.
* * * LOW HITPOINT WARNING * * *
There is a fountain of sparkling water here.
You hit the minotaur but do no damage.
You bite the minotaur, but do no damage.
The minotaur is heavily wounded.
Unknown command.
You hit the minotaur.
You bite the minotaur, but do no damage.
The minotaur is severely wounded.
You hit the minotaur but do no damage.
Lightning courses through the minotaur!!
You bite the minotaur, but do no damage.
The minotaur is almost dead.
You hit the minotaur but do no damage. Your bite misses the minotaur.
The minotaur is almost dead.
The minotaur hits you!!
Ouch! That really hurt!
You die...

###+## ###..⌠(#
#/'⌠..H# #...@+
#.∩..# ###(##
######'#######
#......(......#
#.###.###.###.#
#.............#
##.###.###.###
#####.###.###.#####


You could see a minotaur.

Vanquished Creatures
  Erolcha (D:9)
  A two-headed ogre (D:8)
  3 death yaks
  A deep elf mage (D:9)
  A komodo dragon (Lair:1)
  A queen bee (Gauntlet)
  2 trolls (D:9)
  Grinder (D:5)
  Sigmund (D:2)
  A wyvern (D:8)
  Eustachio (D:6)
  A hungry ghost (D:7)
  2 steam dragons
  2 swamp worms (Gauntlet)
  Edmund (D:6)
  A water moccasin (D:6)
  A porcupine (Lair:1)
  An eye of draining (D:7)
  An orc warrior (D:7)
  2 phantoms
  3 sky beasts
  5 ice beasts
  9 ogres
  A crocodile (Lair:1)
  2 big kobolds
  6 bullfrogs
  2 wyvern zombies
  A wyvern skeleton (D:8)
  A water moccasin skeleton (D:8)
  2 scorpions
  3 killer bees (Gauntlet)
  2 electric eels (D:9)
  4 howler monkeys
  2 crimson imps
  A quasit (D:5)
  3 jellies
  4 hounds
  12 orc wizards
  Crazy Yiuf (D:2)
  An orc priest (D:5)
  A bullfrog skeleton (D:6)
  2 centaur skeletons (D:4)
  Jessica (D:2)
  5 iguanas
  4 worker ants
  A killer bee zombie (D:6)
  A hound zombie (D:7)
  A howler monkey zombie (D:9)
  A worker ant zombie (D:7)
  A howler monkey skeleton (D:4)
  3 river rats (D:9)
  10 adders
  3 shadow imps
  2 oozes
  3 adder skeletons (D:6)
  2 worms (D:2)
  3 dart slugs
  8 leopard geckos
  36 orcs
  5 bats
  9 giant cockroaches
  11 goblins
  7 hobgoblins
  13 jackals
  11 kobolds
  6 quokkas
  7 frilled lizards
  A leopard gecko skeleton (D:4)
  A quokka skeleton (D:7)
  8 rats
258 creatures vanquished.

Vanquished Creatures (others)
  3 demonic plants (Gauntlet)
3 creatures vanquished.

Grand Total: 261 creatures vanquished

Notes
Turn   | Place    | Note
-------+----------+-------------------------------------------
     0 | D:1      | HAL9000 the Vine Stalker Assassin began the quest for the
                  | Orb.
     0 | D:1      | Reached XP level 1. HP: 11/11 MP: 2/2
    26 | D:1      | Reached skill level 2 in Short Blades
   179 | D:1      | Reached XP level 2. HP: 15/15 MP: 3/3
   494 | D:1      | Reached skill level 3 in Short Blades
   569 | D:1      | Reached XP level 3. HP: 18/18 MP: 4/4
  1124 | D:2      | Gained mutation: Your natural rate of healing is unusually
                  | fast. [Vine Stalker growth]
  1124 | D:2      | Reached XP level 4. HP: 23/23 MP: 5/5
  1238 | D:2      | Noticed Sigmund
  1246 | D:2      | Killed Sigmund
  1246 | D:2      | Reached skill level 5 in Short Blades
  1246 | D:2      | Reached XP level 5. HP: 26/26 MP: 6/6
  1246 | D:2      | Reached XP level 6. HP: 30/30 MP: 7/7
  1515 | D:2      | Noticed Jessica
  1523 | D:2      | Killed Jessica
  1770 | D:2      | Found a runed translucent door.
  1771 | D:2      | Noticed Crazy Yiuf
  2074 | D:2      | Killed Crazy Yiuf
  2074 | D:2      | Reached skill level 6 in Short Blades
  2135 | D:3      | Noticed Grinder
  2686 | D:3      | Found a hazy altar of Hepliaklqana.
  2687 | D:3      | Found a shattered altar of Ashenzari.
  2687 | D:3      | Found a bloodstained altar of Trog.
  2926 | D:4      | Reached XP level 7. HP: 27/34 MP: 5/8
  3121 | D:4      | Found Qunwuoh's Assorted Antiques.
  3412 | D:4      | Reached skill level 7 in Short Blades
  3726 | D:5      | Entered Level 5 of the Dungeon
  3746 | D:5      | Found Wuen's Food Emporium.
  3766 | D:5      | Killed Grinder
  3766 | D:5      | Reached skill level 8 in Short Blades
  3794 | D:5      | Gained mutation: You have razor-sharp teeth. [Vine Stalker
                  | growth]
  3794 | D:5      | Reached XP level 8. HP: 35/38 MP: 9/9
  3903 | D:5      | Found a staircase to the Ecumenical Temple.
  3961 | Temple   | Entered the Ecumenical Temple
  4023 | Temple   | Became a worshipper of Uskayaw the Reveler
  4091 | D:5      | Reached * piety under Uskayaw
  4119 | D:5      | Reached ** piety under Uskayaw
  4129 | D:5      | Reached *** piety under Uskayaw
  4134 | D:5      | Reached skill level 9 in Short Blades
  4139 | D:5      | Reached **** piety under Uskayaw
  4143 | D:5      | Reached ***** piety under Uskayaw
  4931 | D:6      | Found a glowing golden altar of the Shining One.
  4937 | D:6      | Noticed Eustachio
  5156 | D:6      | Reached skill level 10 in Short Blades
  5245 | D:6      | Noticed Edmund
  5246 | D:6      | Reached XP level 9. HP: 41/42 MP: 10/10
  5261 | D:6      | Killed Edmund
  5286 | D:6      | Got a crude gossamer ring
  5288 | D:6      | Identified the ring "Kuyr" {rPois rN+ Str+4 Int+5} (You
                  | found it on level 6 of the Dungeon)
  5432 | D:6      | Killed Eustachio
  5432 | D:6      | Reached skill level 11 in Short Blades
  5460 | D:6      | Reached skill level 5 in Stealth
  5600 | D:6      | Found a basalt altar of Yredelemnul.
  5642 | D:6      | Found a radiant altar of Vehumet.
  5708 | D:6      | Found Ykhletwann's Weapon Shoppe.
  5732 | D:6      | Found a shimmering altar of Xom.
  6461 | D:7      | Reached skill level 10 in Stealth
  6461 | D:7      | Reached XP level 10. HP: 33/46 MP: 8/11
  6467 | D:7      | Reached skill level 1 in Invocations
  6851 | D:8      | Noticed a two-headed ogre
  6853 | D:8      | Found a blossoming altar of Fedhas.
  7170 | D:8      | Reached skill level 5 in Invocations
  7190 | D:8      | Found a stormy altar of Qazlal.
  7277 | D:8      | Killed a two-headed ogre
  7421 | D:8      | Found a radiant altar of Vehumet.
  7603 | D:9      | Found a staircase to the Lair.
  7603 | D:9      | Noticed a death yak
  7606 | D:9      | Noticed a death yak
  7614 | D:9      | Noticed a death yak
  7615 | D:9      | Killed a death yak
  7629 | D:8      | Reached ****** piety under Uskayaw
  7636 | D:8      | Killed a death yak
  7636 | D:8      | Reached XP level 11. HP: 36/50 MP: 15/18
  7929 | D:9      | Noticed a deep elf mage
  7936 | D:9      | Killed a deep elf mage
  8083 | D:9      | Reached skill level 10 in Invocations
  8156 | D:9      | Noticed Erolcha
  8165 | D:9      | Killed Erolcha
  8526 | D:9      | Killed a death yak
  8645 | D:9      | Upgraded the game from 0.24-a0-417-g1cce26a4d2 to
                  | 0.24-a0-422-g9eff3895ba
  8722 | Lair:1   | Entered Level 1 of the Lair of Beasts
  8753 | Lair:1   | Reached skill level 1 in Spellcasting
  8787 | Lair:1   | Found a gate leading to a gauntlet.
  8797 | Gauntlet | Entered a Gauntlet
  8797 | Gauntlet | Found a transporter.
  8808 | Gauntlet | Found a transporter.
  8808 | Gauntlet | Found a transporter.
  8828 | Gauntlet | Found a transporter.
  8830 | Gauntlet | Found a transporter.
  8839 | Gauntlet | Found a transporter.
  8854 | Gauntlet | Found a transporter.
  8859 | Gauntlet | Found a transporter.
  8874 | Gauntlet | Noticed a fire crab
  8875 | Gauntlet | Found a transporter.
  8891 | Gauntlet | Found a transporter.
  8899 | Gauntlet | Noticed a reaper
  8906 | Gauntlet | Found a transporter.
  8918 | Gauntlet | Found a transporter.
  8930 | Gauntlet | Found a transporter.
  8942 | Gauntlet | Found a transporter.
  8944 | Gauntlet | Noticed a balrug
  8959 | Gauntlet | Found a transporter.
  8976 | Gauntlet | Found a transporter.
  8978 | Gauntlet | Found a transporter.
  9014 | Gauntlet | Found a transporter.
  9025 | Gauntlet | Got a bloodstained morningstar
  9074 | Gauntlet | Got an encrusted rapier
  9456 | Gauntlet | Identified the Compendium of Terror
  9462 | Gauntlet | Got a shimmering marble ring
  9473 | Gauntlet | Noticed a minotaur
  9486 | Gauntlet | Demolished by a minotaur

Levels and vault maps discovered:
D:1:      lemuel_arrival_hallway, layout_basic, minmay_heptomino_d4
D:2:      layout_loops_corners, minmay_misc_feat_rows, uniq_sigmund,
          uniq_jessica, uniq_crazy_yiuf_cottage
D:3:      layout_basic, grunt_temple_overflow_open, uniq_grinder
D:4:      layout_loops_corners, serial_shops, shop_fountains
D:5:      layout_layer_cave, minmay_temple_entry_drinking_statues, first_ration,
          serial_shops, shop
D:6:      layout_basic, vehumet_crystals, grunt_temple_overflow_holy_war,
          serial_shops, kennysheep_mini, minmay_holes, tgw_xom, uniq_eustachio,
          uniq_edmund
D:7:      minmay_clustersquares, layout_loops_corners
D:8:      layout_rooms, grunt_temple_overflow_forces_of_nature, basic_altar
D:9:      layout_basic, dpeg_lair_monsters, uniq_erolcha
Temple:   zaba_magenta_temple
Lair:1:   layout_big_grid, gauntlet_entry_generic, grunt_megastairs_3,
          minmay_lair_oklob_chamber
Gauntlet: gammafunk_gauntlet_one_two_three [gammafunk_gauntlet_arena_teeth,
          gammafunk_gauntlet_arena_split_diamond,
          gammafunk_gauntlet_arena_mazey, nicolae_gauntlet_swirl,
          gammafunk_gauntlet_arena_split_x, nicolae_gauntlet_arena_blocks,
          nicolae_gauntlet_arena_x, gammafunk_gauntlet_arena_spirals,
          nicolae_gauntlet_arena_t_cross, gauntlet_exit_hidden_loot]

Skill      XL: |  1  2  3  4  5  6  7  8  9 10 11 |
---------------+----------------------------------+-----
Short Blades   | 2 3 5 6 8 10 11 | 11.0
Stealth        | 10 | 10.1
Invocations    | 9 10 | 10.1
Fighting       | 4 |  4.5
Spellcasting   | 3 |  3.4
Throwing       | |  1.7
Dodging        | |  0.7

Action                   |  1- 3 |  4- 6 |  7- 9 | 10-12 || total
-------------------------+-------+-------+-------+-------++-------
Melee: Dagger            |    85 |   112 |   276 |   312 ||   785
       Bite              |    19 |    22 |    77 |   104 ||   222
Throw: Dart              |       |     1 |       |     5 ||     6
       Boomerang         |       |       |    10 |     4 ||    14
Evoke: Wand              |       |       |     1 |     7 ||     8
  Use: Scroll            |       |       |    10 |     2 ||    12
       Potion            |       |       |       |     3 ||     3
 Stab: Sleeping          |    15 |    10 |     7 |     7 ||    39
       Paralysed         |       |       |     6 |    18 ||    24
       Distracted        |       |       |     1 |     1 ||     2
  Eat: Chunk             |     1 |     5 |    11 |    10 ||    27
Armor: Robe              |    12 |    10 |       |       ||    22
       Leather armour    |       |     7 |    62 |    35 ||   104
Dodge: Dodged            |    32 |    29 |    94 |   108 ||   263

Table legend:
 A = Non-vault XP
 B = Vault XP
 C = Vault XP percentage of total XP
 D = Non-vault monster count
 E = Vault monster count
 F = Vault count percentage of total count
                 A         B        C        D         E       F
            +---------+---------+-------+---------+---------+-------
      Total |    9101 |    5960 |  39.6 |     220 |      38 |  14.7
            +---------+---------+-------+---------+---------+-------
        D:1 |      52 |       7 |  11.9 |      27 |       4 |  12.9
        D:2 |     112 |     316 |  73.8 |      21 |       3 |  12.5
        D:3 |      79 |       0 |   0.0 |      22 |       0 |   0.0
        D:4 |     262 |       0 |   0.0 |      20 |       0 |   0.0
        D:5 |     914 |     281 |  23.5 |      19 |       1 |   5.0
        D:6 |    1014 |     342 |  25.2 |      18 |       2 |  10.0
        D:7 |    1277 |     538 |  29.6 |      27 |      10 |  27.0
        D:8 |    2322 |     861 |  27.0 |      28 |       1 |   3.4
        D:9 |    2479 |    2765 |  52.7 |      35 |      11 |  23.9
     Lair:1 |     590 |       0 |   0.0 |       3 |       0 |   0.0
   Gauntlet |       0 |     850 | 100.0 |       0 |       6 | 100.0
            +---------+---------+-------+---------+---------+-------
